 Dungeon Crawl Stone Soup version 0.18.1-47-g9310371 (webtiles) character file.

18 qqqbard the Digger (level 2, -1/15 HPs)
             Began as a Gargoyle Earth Elementalist on June 15, 2016.
             Slain by a gnoll (7 damage)
             ... on level 1 of the Dungeon.
             The game lasted 00:02:00 (638 turns).

qqqbard the Digger (Gargoyle Earth Elementalist)     Turns: 638, Time: 00:02:00

Health: -1/15      AC:  4    Str: 11    XL:     2   Next: 70%
Magic:  2/6        EV: 12    Int: 15    God:
Gold:   49         SH:  0    Dex: 10    Spells: 1 memorised, 6 levels left

rFire  . . .     SeeInvis .     i - +0 club
rCold  . . .     Gourm    .     a - +0 robe
rNeg   + . .     Faith    .     (no shield)
rPois  ∞         Spirit   .     (no helmet)
rElec  +         Dismiss  .     (no cloak)
rCorr  .         Reflect  .     (no gloves)
SustAt .         Harm     .     (no boots)
MR     .....                    (no amulet)
Stlth  ++........               (no ring)
                                (no ring)

@: not resistant to hostile enchantments, unstealthy
A: negative energy resistance 1, electricity resistance, unbreathing,
petrification resistance, rot immunity, AC +2
a: no special abilities


You were on level 1 of the Dungeon.
You were not hungry.

You visited 1 branch of the dungeon, and saw 1 of its levels.

You collected 49 gold pieces.

Inventory:

Hand Weapons
 i - a +0 club (weapon)
Missiles
 b - 76 stones (quivered)
Armour
 a - a +0 robe (worn)
Scrolls
 f - a scroll of fog {unknown}
 h - a scroll of blinking {unknown}
 l - 4 scrolls of remove curse {unknown}
Potions
 e - a potion of mutation {unknown}
 g - a potion of magic {unknown}
 j - a potion of heal wounds {unknown}
Books
 c - a book of Geomancy

   Spells                             Type                      Level
   a - Sandblast                      Earth                        1
   b - Passwall                       Transmutation/Earth          2
   c - Stone Arrow                    Conjuration/Earth            3
   d - Petrify                        Transmutation/Earth          4
   e - Lee's Rapid Deconstruction     Earth                        5
Comestibles
 d - a bread ration
 k - a chunk of flesh


   Skills:
 - Level 1.5 Dodging
 - Level 2.1 Stealth
 * Level 3.0 Spellcasting
   Level 0.7 Transmutations
 + Level 3.7 Earth Magic


You had 6 spell levels left.
You knew the following spells:

 Your Spells              Type           Power        Failure   Level  Hunger
a - Sandblast             Erth           ##....       6%          1    #......


Dungeon Overview and Level Annotations

Branches:
Dungeon (1/15)

Altars:


Innate Abilities, Weirdness & Mutations

You are resistant to torment.
Your stone body is resilient (AC +2).
You are immune to poison.
You resist negative energy.
You are resistant to electric shocks.
You can survive without breathing.
You are immune to petrification.
You are immune to rotting.


Message History

You hit the gnoll but do no damage. The gnoll closely misses you.
The gnoll hits you.
You closely miss the gnoll. The gnoll hits you. The gnoll barely misses you.
A bat comes into view.
The bat closely misses you.
You hit the bat.
You kill the bat!
Your Spellcasting skill increases to level 3!
The gnoll barely misses you.
You see here a bat corpse.
Casting: Sandblast
Confirm with . or Enter, or press ? or * to list all spells.
Aiming: Sandblast
Press: ? - help, Shift-Dir - straight line, f - gnoll
Aim: a gnoll The blast of sand hits the gnoll.
The gnoll is heavily wounded.
The gnoll hits you!
You die...

#........# #.#.# #...
#........# #.#.# ≈≈♣## #...#
#........# #.#.#
≈≈≈≈♣♣♣...######.....# #.#.#
≈≈≈≈P≈≈≈P#.....#.....### #.#.#
≈≈≈≈≈P≈≈≈♣.....#.....'.##.#.#.#
≈≈≈≈≈≈≈≈≈≈♣....#.....#.##.#.#.#
≈PP≈P≈P≈≈≈.....#.....#.##.#.#.#
.≈≈.≈≈≈♣♣......g@...##.##.#.#.#
.............#########.##.#.#.#
........###### #.##.#.#.#
(.P...### ######### #.##.#.#.#
≈P≈≈♣..# #.......# #.##...#.#
≈P≈≈#..# #.......# #.##.###.#
♣♣♣##..#####.......###.##.###.#
...........÷.............>#
##.#####.............######


You could see a gnoll.

Vanquished Creatures
  A dart slug (D:1)
  3 bats (D:1)
  A giant cockroach (D:1)
  A goblin (D:1)
  A hobgoblin (D:1)
  2 jackals (D:1)
  A ball python (D:1)
  4 kobolds (D:1)
  A rat (D:1)
15 creatures vanquished.

Notes
Turn   | Place    | Note
--------------------------------------------------------------
     0 | D:1      | qqqbard the Gargoyle Earth Elementalist began the quest for the Orb.
     0 | D:1      | Reached XP level 1. HP: 10/10 MP: 3/3
   378 | D:1      | Reached XP level 2. HP: 15/15 MP: 0/5
   638 | D:1      | Slain by a gnoll

Skill      XL: |  1  2 |
---------------+-------+-----
Spellcasting   | 3 |  3.0
Dodging        | |  1.5
Stealth        | |  2.1
Transmutations | |  0.7
Earth Magic    | |  3.7

Action                   || total
-------------------------++-------
Melee: Unarmed           ||    25
       Club              ||     8
 Cast: Sandblast         ||    22
Armor: Robe              ||    10
Dodge: Dodged            ||    27
